 Dungeon Crawl Stone Soup version 0.29.1-12-g30fa7ad0bf (webtiles) character file.

Game seed: 4057944962239383500

3987 hawla the Thaumaturge (level 10, -6/73 HPs)
             Began as a Meteoran Fire Elementalist on Jan 9, 2023.
             Was a Believer of Vehumet.
             Mangled by a two-headed ogre
             ... wielding a +0 giant club
              (31 damage)
             ... on level 9 of the Dungeon.
             The game lasted 00:16:44 (3001 turns).

hawla the Thaumaturge (Meteoran Fire Elementalist)  Turns: 3001, Time: 00:16:45

Health: -6/73      AC:  5    Str:  9    XL:     10   Next: 74%
Magic:  20/24      EV: 13    Int: 22    God:    Vehumet [**....]
Gold:   247        SH:  0    Dex: 15    Spells: 20/28 levels left

rFire   . . .      SeeInvis .   a - staff of poison
rCold   . . .      Faith    .   (no shield)
rNeg    + . .      Spirit   .   t - +1 robe {rN+}
rPois   +          Reflect  .   r - +0 helmet
rElec   .          Harm     .   (no cloak)
rCorr   .          Rampage  .   p - +0 pair of gloves
Will    +....                   (no boots)
Stlth   +.........              (no amulet)
HPRegen 0.22/turn               (no ring)
MPRegen 0.19/turn               (no ring)

@: glowing
A: sense surroundings 2, otherworldly, glowing, explore regen, claws 1, sturdy
frame 1
a: Renounce Religion


You were on level 9 of the Dungeon.
You worshipped Vehumet.
Vehumet was pleased with you.
You visited 2 branches of the dungeon, and saw 11 of its levels.
You also visited: Sewer.

You collected 357 gold pieces.
You spent 110 gold pieces at shops.

Inventory:

Hand Weapons
 n - a +0 quick blade
Armour
 p - a +0 pair of gloves (worn)
 r - a +0 helmet (worn)
 t - a +1 robe of positive energy (worn)
Magical Staves
 a - a staff of poison (weapon)
Jewellery
 u - a +4 ring of slaying
Wands
 c - a wand of flame (20) (quivered)
 g - a wand of charming (4)
 m - a wand of polymorph (8)
 s - a wand of quicksilver (4)
Scrolls
 b - a scroll of vulnerability {unknown}
 h - a scroll of enchant weapon
 q - 2 scrolls of magic mapping {unknown}
 v - a scroll of silence {unknown}
Potions
 e - a potion of flight
 k - a potion of might
 o - a potion of lignification
Miscellaneous
 l - a phantom mirror


   Skills:
 + Level 1.9 Fighting
 - Level 8.0 Short Blades
 + Level 0.1 Staves
 + Level 3.8 Dodging
 - Level 1.4 Stealth
 + Level 9.5 Spellcasting
 + Level 6.8 Conjurations
 + Level 0.5 Translocations
 + Level 9.0 Fire Magic
 + Level 2.0 Poison Magic
 + Level 2.0 Evocations


You had 20 spell levels left.
You knew the following spells:

 Your Spells              Type           Power      Damage    Failure   Level
a - Foxfire               Conj/Fire      100%       2x1d9     1%          1
b - Scorch                Fire           100%       2d10      1%          2
c - Flame Wave            Conj/Fire      45%        2d12      2%          4
d - Apportation           Tloc           24%        N/A       4%          1

Your spell library contained the following spells:

 Spells                   Type           Power      Damage    Failure   Level
 Freeze                   Ice            40%        1d6       6%          1
 Conjure Flame            Conj/Fire      45%        6-21      1%          3
 Inner Flame              Hex/Fire       30%        N/A       3%          3
 Necrotise                Necr           40%        1d6       6%          1
 Summon Small Mammal      Summ           40%        N/A       6%          1


Dungeon Overview and Level Annotations

Branches:
Dungeon (10/15) Zot: 3205  Temple (1/1) D:4 Zot: 540   Sewer (visited)
   Lair: D:8-11         Orc: D:9-12

Altars:
Ashenzari
Cheibriados
Ru
Sif Muna
Trog
Vehumet
Zin
The Shining One

Shops:
D:6 *   D:8 :   D:9 :

Annotations:
D:3 2 runed translucent doors
D:9 Joseph


Innate Abilities, Weirdness & Mutations

You passively map the area around you.
You are easily found by Zot.
You glow in the dark.
You regain HP and MP as you explore.
You have sharp fingernails.
Your movements are slightly less encumbered by armour. (ER -2)


Message History

There is a stone staircase leading down here.
Your killer bee dissolves into shadows!
Your killer bee dissolves into shadows!
You now have 230 gold pieces (gained 15).
b - a scroll labelled KEPRIAGRIELA You now have enough gold to buy the Secrets of Frostbite and the Atmosphere on D:8.
You can access your shopping list by pressing '$'.
You now have 247 gold pieces (gained 17).
Found a stone staircase leading down.
You see here a +0 club.
You enter the shallow water.
Moving in this stuff is going to be slow.
There is a stone staircase leading up here.
You climb upwards.
Level annotation: Joseph The two-headed ogre hits you with a +0 giant club!!
The two-headed ogre barely misses you.
There is a stone staircase leading down, spattered with blood here.
Unknown command.
Casting: Flame Wave (dangerous; 2% risk of failure)
Confirm with . or Enter, or press ? or * to list all spells.
Flames lash the two-headed ogre.
The two-headed ogre is lightly wounded.
The two-headed ogre's fire resistance burns away.
The two-headed ogre hits you with a +0 giant club!
The two-headed ogre closely misses you.
Casting: Scorch (safe; 1% risk of failure)
Confirm with . or Enter, or press ? or * to list all spells.
Flames lash the two-headed ogre.
The two-headed ogre is burned terribly!
The two-headed ogre is heavily wounded.
The two-headed ogre hits you with a +0 giant club!!
* * * LOW HITPOINT WARNING * * *
The two-headed ogre closely misses you.
Okay, then.
You feel much better.
As you read the scroll labelled CIBEEFY EFOU, it crumbles to dust.
It is a scroll of enchant weapon.
Your -1 quick blade glows red for a moment.
The two-headed ogre hits you with a +0 giant club!!
You die...

#.###.....## ###.#.#.#
#.#....#..# #.[...#.# #.#.#..#..#
######.....#.# #.#.#..#..#
#............#
#.#.#.....#####.####.......####
#.#.#...#..........#..........#
..#.#.....#####.##.#.......##.#
###.#..#...........<.......##.###
#.............@O.......#.).....
###.............##.#...#)##.###
####..#####...##......<)..#
#..#####..........#[####
#..#...............#.####
#..#.#####.#####..###...# #..#.#
#.# #.#.#.##.## #..#.# #.#
#.......... #..#.# #.#
########.##


You could see a two-headed ogre (combustible).

Vanquished Creatures
  Harold (D:9)
  A troll (D:9)
  A hornet (D:7)
  Prince Ribbit (D:7)
  4 yaks
  An acid dragon (D:9)
  2 water moccasins
  An orc warrior (D:7)
  2 centaurs (D:8)
  2 phantoms
  2 bullfrogs (D:8)
  7 wights
  9 killer bees
  2 howler monkeys
  2 hounds (D:5)
  3 jellies
  3 iguanas
  3 orc wizards
  2 adders (D:5)
  3 river rats (D:5)
  2 shadow imps (D:8)
  3 white imps (D:8)
  An ufetubus (D:8)
  7 orcs
  2 endoplasms
  2 giant cockroaches (D:1)
  A goblin (D:1)
  2 hobgoblins
  A jackal (Sewer)
  4 ball pythons
  A bat (D:1)
  4 frilled lizards
  2 rats
84 creatures vanquished.

Vanquished Creatures (collateral kills)
  A gnoll sergeant (D:10)
  5 gnolls (D:10)
6 creatures vanquished.

Vanquished Creatures (others)
  3 demonic plants (D:8)
  151 foxfires
154 creatures vanquished.

Grand Total: 244 creatures vanquished

Notes
Turn   | Place    | Note
-------+----------+-------------------------------------------
     0 | D:1      | hawla the Meteoran Fire Elementalist began the quest for
                  | the Orb.
     0 | D:1      | Reached XP level 1. HP: 14/14 MP: 5/5
    41 | D:1      | Reached XP level 2. HP: 20/20 MP: 1/6
    44 | D:1      | Learned a level 2 spell: Scorch
   242 | D:3      | Found a large runed translucent door.
   243 | D:3      | Found a large runed translucent door.
   248 | D:4      | Noticed a howler monkey
   248 | D:4      | Found a staircase to the Ecumenical Temple.
   258 | D:4      | Killed a howler monkey
   259 | D:4      | Reached XP level 3. HP: 20/26 MP: 5/8
   259 | D:4      | Reached XP level 4. HP: 26/33 MP: 6/10
   308 | Temple   | Entered the Ecumenical Temple
   314 | Temple   | Learned a level 4 spell: Flame Wave
   349 | Temple   | Became a worshipper of Vehumet
   380 | D:5      | Entered Level 5 of the Dungeon
   386 | D:5      | Reached XP level 5. HP: 30/38 MP: 4/11
   494 | D:5      | Reached XP level 6. HP: 45/45 MP: 6/12
   500 | D:5      | Reached skill level 5 in Fire Magic
   588 | D:5      | Found a glowing drain.
   610 | D:5      | Gained mutation: You have sharp fingernails. [potion of
                  | mutation]
   610 | D:5      | Gained mutation: Your movements are slightly less
                  | encumbered by armour. (ER -2) [potion of mutation]
   644 | D:5      | Reached XP level 7. HP: 44/50 MP: 0/14
   650 | D:5      | Reached skill level 5 in Conjurations
   678 | Sewer    | Entered a sewer
   708 | Sewer    | Noticed a water moccasin
   711 | Sewer    | Killed a water moccasin
   813 | D:6      | Found Agyng's Lightly-Used Armoury.
   858 | D:6      | Reached skill level 5 in Spellcasting
   979 | D:6      | Bought a -1 quick blade for 110 gold pieces
  1010 | D:6      | Reached skill level 1 in Evocations
  1217 | D:7      | Found a broken altar of Ashenzari.
  1225 | D:7      | Noticed Prince Ribbit
  1225 | D:7      | Noticed a hornet
  1228 | D:7      | Killed Prince Ribbit
  1229 | D:7      | Reached XP level 8. HP: 58/58 MP: 11/16
  1231 | D:7      | Killed a hornet
  1234 | D:7      | Identified the ring "Wotoadall" {rPois Will+ Str-5 Dex+3
                  | Slay+4}
  1309 | D:7      | Reached skill level 5 in Short Blades
  1554 | D:8      | Found a sacrificial altar of Ru.
  1563 | D:8      | Gained mutation: You passively map the area around you.
                  | [Meteoran growth]
  1563 | D:8      | Reached XP level 9. HP: 62/63 MP: 8/17
  1612 | D:8      | Reached * piety under Vehumet
  1612 | D:8      | Offered knowledge of Magic Dart by Vehumet.
  1613 | D:8      | Reached skill level 1 in Fighting
  1684 | D:8      | Learned a level 1 spell: Apportation
  1805 | D:8      | Found Vavublim's Book Emporium.
  1824 | D:8      | Reached XP level 10. HP: 16/72 MP: 5/21
  2525 | D:9      | Found Pilutu's Book Shop.
  2527 | D:9      | Noticed a two-headed ogre
  2528 | D:9      | Noticed Joseph
  2654 | D:9      | Noticed Harold
  2686 | D:9      | Killed Harold
  2721 | D:9      | Reached skill level 1 in Poison Magic
  2736 | D:10     | Entered Level 10 of the Dungeon
  2803 | D:10     | Reached ** piety under Vehumet
  2806 | D:10     | Offered knowledge of Freeze by Vehumet.
  2999 | D:9      | HP: 1/73 [two-headed ogre/+0 giant club (34)]
  3001 | D:9      | Mangled by a two-headed ogre

Illustrated notes

Levels and vault maps discovered:
D:1:      nicolae_arrival_somewhat_less_tricky_arrival, layout_rooms,
          hellmonk_ecumenical_altar_pennies_from_heaven, minmay_crystal_water,
          minivault_26
D:2:      layout_basic, nicolae_eternal_life, uniq_robin
D:3:      layout_basic, jmf_multi_god_temple2, uniq_terence, uniq_jessica
D:4:      layout_rooms, minmay_temple_entry_trees
D:5:      layout_cave_pools, portal_sewer_entry_c,
          chequers_serial_rivers_large_a
D:6:      layout_loops_ring, minmay_shop_damaged
D:7:      layout_basic, lemuel_crystal_altar, uniq_prince_ribbit1, uniq_pikel
D:8:      layout_basic, nicolae_ru_sacrificial_ziggurat, serial_shops,
          nicolae_square_shop, serial_demonic, serial_demonic_e,
          serial_demonic_g, serial_demonic_c, serial_demonic_e, minivault_23
D:9:      layout_loops_ring, serial_shops, nicolae_shop_crystal, uniq_joseph,
          uniq_harold
D:10:     layout_basic, serial_rivers, chequers_serial_rivers_small_b,
          chequers_serial_rivers_micro_c, chequers_serial_rivers_micro_a,
          chequers_serial_rivers_marsh, dreamdust_mushroom_princess,
          kennysheep_generic_room_3
Temple:   mainiacjoe_temple_bowtie_tessellation

Skill      XL: |  1  2  3  4  5  6  7  8  9 10 |
---------------+-------------------------------+-----
Fire Magic     | 4 5 6 7 9 |  9.0
Spellcasting   | 3 4 5 7 9 |  9.5
Conjurations   | 2 4 5 6 |  6.8
Evocations     | 2 |  2.0
Short Blades   | 3 6 8 |  8.0
Fighting       | 1 |  1.9
Dodging        | 3 |  3.8
Poison Magic   | 2 |  2.0
Staves         | |  0.1
Stealth        | |  1.4
Translocations | |  0.5

Action                   |  1- 3 |  4- 6 |  7- 9 | 10-12 || total
-------------------------+-------+-------+-------+-------++-------
Melee: Unarmed           |     8 |     2 |       |       ||    10
       Quick blade       |       |       |    12 |     3 ||    15
       Staff             |       |       |       |     2 ||     2
 Cast: Foxfire           |    21 |    19 |    39 |     9 ||    88
       Scorch            |     2 |     9 |    26 |    19 ||    56
       Flame Wave        |       |       |    10 |     8 ||    18
       Apportation       |       |       |       |     3 ||     3
  Use: Potion            |     1 |     2 |     3 |     2 ||     8
       Scroll            |       |     1 |     1 |    10 ||    12
Armor: Robe              |     2 |     6 |     1 |     3 ||    12
Dodge: Dodged            |     3 |     9 |    21 |    15 ||    48
